 Dungeon Crawl Stone Soup version 0.27.0-1-g7a089689b8 (webtiles) character file.

Game seed: 11455700911792174254

3528 freelancePsychic the Thaumaturge (level 10, -3/68 HPs)
             Began as a Djinni Ice Elementalist on Aug 9, 2021.
             Was a Follower of Hepliaklqana.
             Slain by Gastronok (31 damage)
             ... on level 8 of the Dungeon.
             The game lasted 00:14:30 (6084 turns).

freelancePsychic the Thaumaturge (DjIE)             Turns: 6084, Time: 00:14:31

Health: -3/68      AC: 12    Str:  7    XL:     10   Next: 29%
Gold:   356        EV: 11    Int: 19    God:    Hepliaklqana [*.....] SH:  0 Dex: 15

rFire    + + .     SeeInvis .   c - +1 short sword (drain)
rCold    x . .     Faith    .   (no shield)
rNeg     . . .     Spirit   .   g - +0 troll leather armour
rPois    ∞         Reflect  .   (no helmet)
rElec    .         Harm     .   s - +2 cloak
rCorr    .         Rampage  .   i - +0 pair of gloves
Will     +....                  (boots unavailable)
Stlth    ++........             (no amulet)
HPRegen  1.21/turn              m - +4 ring of protection
MPRegen  0.00/turn              (no ring)

@: flying
A: reduced essence, sickness immunity, fire resistance 2, cold vulnerability 1,
float, innate caster, hp casting, extra vitality 1
a: Renounce Religion, Recall Ancestor, Ancestor Identity


You were on level 8 of the Dungeon.
You worshipped Hepliaklqana.
Hepliaklqana was aware of your devotion.
You visited 2 branches of the dungeon, and saw 9 of its levels.
You also visited: Bailey.

You collected 356 gold pieces.

Inventory:

Hand Weapons
 c - a +1 short sword of draining (weapon)
Missiles
 j - 2 throwing nets
Armour
 g - a +0 troll leather armour (worn)
 i - a +0 pair of gloves (worn)
 s - a +2 cloak (worn)
 u - a +2 kite shield of protection
Jewellery
 m - a +4 ring of protection (left hand)
 t - a +4 ring of evasion
Wands
 n - a wand of paralysis (11)
Scrolls
 a - a scroll of teleportation {@r4}
 d - a scroll of blinking
 v - a scroll of identify {@r1}
 w - a scroll of fog
Potions
 b - 3 potions of degeneration {unknown}
 e - a potion of resistance {unknown}
 f - a potion of ambrosia {unknown}
 h - 2 potions of mutation {unknown}
 k - 2 potions of haste {@q3}
 l - a potion of might {unknown}
 o - a potion of attraction {unknown}
 p - a potion of magic {unknown}
 q - a potion of berserk rage {unknown}
 r - 2 potions of curing {@q1}


   Skills:
 + Level 8.0 Fighting
 - Level 2.1 Dodging
 - Level 1.5 Stealth
 * Level 9.5 Spellcasting


You had 8 spell levels left.
You knew the following spells:

 Your Spells              Type           Power      Damage    Failure   Level
a - Vampiric Draining     Necr           22%        2d9       1%          3
b - Frozen Ramparts       Ice            90%        1d11      1%          3
c - Ozocubu's Armour      Ice            45%        N/A       1%          3
d - Hailstorm             Conj/Ice       45%        3d10      2%          4
e - Magic Dart            Conj           100%       1d8       1%          1
f - Slow                  Hex            45%        N/A       1%          2
g - Lesser Beckoning      Tloc           22%        N/A       1%          3
h - Freeze                Ice            100%       1d11      1%          1
Your spell library was empty.

Dungeon Overview and Level Annotations

Branches:
Dungeon (8/15)             Temple (1/1) D:6          Bailey (visited)
   Lair: D:8-11

Altars:
Ashenzari
Elyvilon
Fedhas
Gozag
Hepliaklqana
Kikubaaqudgha
Makhleb
Nemelex Xobeh
Okawaru
Qazlal
Ru
Sif Muna
Trog
Uskayaw
Wu Jian
Xom
Yredelemnul
The Shining One

Annotations:
D:4 Menkaure
D:8 Gastronok


Innate Abilities, Weirdness & Mutations

Your life essence is reduced to manifest your ancestor. (-10% HP)
You are immune to sickness and miasma.
You are immune to poison.
Your flesh is very heat resistant. (rF++)
You are vulnerable to cold. (rC-)
You float through the air rather than walking.
You learn spells naturally, not from books.
Your magical power is your life essence.
You have superior vitality. (+4 HP)


Message History

Aim: Gastronok, wearing a +0 hat of see invisible (severely wounded)
You draw life force from Gastronok!
You feel life coursing into your body.
Casting: Vampiric Draining (safe; 1% risk of failure)
Confirm with . or Enter, or press ? or * to list all spells.
Aiming: Vampiric Draining (safe; 1% risk of failure)
Press: ? - help, Shift-Dir - straight line, f/p - Gastronok
Aim: Gastronok, wearing a +0 hat of see invisible (severely wounded)
You draw life force from Gastronok.
You feel life coursing into your body.
Gastronok casts a spell.
Casting: Vampiric Draining (safe; 1% risk of failure)
Confirm with . or Enter, or press ? or * to list all spells.
Aiming: Vampiric Draining (safe; 1% risk of failure)
Press: ? - help, Shift-Dir - straight line, f/p - Gastronok
Aim: Gastronok, wearing a +0 hat of see invisible (severely wounded)
You draw life force from Gastronok!
You feel life coursing into your body! The bat hits you but does no damage.
Casting: Vampiric Draining (safe; 1% risk of failure)
Confirm with . or Enter, or press ? or * to list all spells.
Aiming: Vampiric Draining (safe; 1% risk of failure)
Press: ? - help, Shift-Dir - straight line, f/p - Gastronok
Aim: Gastronok, wearing a +0 hat of see invisible (almost dead)
You draw life force from Gastronok!
You feel life coursing into your body. The bat barely misses you.
The bat hits you but does no damage. Gastronok bites you!!
Casting: Vampiric Draining (safe; 1% risk of failure)
Confirm with . or Enter, or press ? or * to list all spells.
Aiming: Vampiric Draining (safe; 1% risk of failure)
Press: ? - help, Shift-Dir - straight line, f/p - Gastronok
Aim: Gastronok, wearing a +0 hat of see invisible (almost dead)
You draw life force from Gastronok.
You feel life coursing into your body. The bat hits you but does no damage.
The quokka barely misses you.
Casting: Vampiric Draining (safe; 1% risk of failure)
Confirm with . or Enter, or press ? or * to list all spells.
Aiming: Vampiric Draining (safe; 1% risk of failure)
Press: ? - help, Shift-Dir - straight line, f/p - Gastronok
Aim: Gastronok, wearing a +0 hat of see invisible (almost dead)
You draw life force from Gastronok!
You feel life coursing into your body. The bat hits you but does no damage.
The quokka barely misses you. Gastronok bites you!!
You die...

.. ...w... . ...
#.....#.##.! ....
.....#....
....##.).)..).#
......†.†.....#
........)......#
.......r.##.##
...........w##...##
.........##r@.)...##
......#..#...b.....#
.....##.###........#
.....#...##.......##
#.....#........#
##..#R#...##...##
##....)#....#.#.).
...............#..##
##...#..###...## ..#


You could see Gastronok, a river rat (summoned), a quokka (summoned) and a bat
(summoned).

Vanquished Creatures
  Maggie (D:8)
  A troll (D:6)
  Prince Ribbit (D:7)
  A steam dragon (D:6)
  Grum (D:8)
  2 water moccasins
  A black bear (D:6)
  7 orc warriors
  3 necrophages
  2 centaurs
  4 wolves (D:8)
  A phantom (D:5)
  A kobold brigand (D:7)
  A bullfrog (D:7)
  A gnoll sergeant (D:5)
  A scorpion (D:6)
  A hound (D:7)
  2 jellies (D:4)
  An orc priest (D:6)
  5 orc wizards
  An iguana (D:6)
  A killer bee zombie (D:7)
  A howler monkey zombie (D:7)
  9 adders
  4 gnolls
  2 white imps
  16 orcs
  2 ball pythons
  3 bats
  8 endoplasms
  3 goblins
  4 hobgoblins
  8 jackals (D:4)
  A quokka (D:1)
  2 frilled lizards (D:1)
  13 kobolds
  2 rats
118 creatures vanquished.

Vanquished Creatures (collateral kills)
  A centaur skeleton (D:7)
  A shadow imp (D:7)
2 creatures vanquished.

Vanquished Creatures (others)
  An ancestor (D:8)
1 creature vanquished.

Grand Total: 121 creatures vanquished

Notes
Turn   | Place    | Note
-------+----------+-------------------------------------------
     0 | D:1      | freelancePsychic the Djinni Ice Elementalist began the
                  | quest for the Orb.
     0 | D:1      | Reached XP level 1. HP: 15/15 MP: 0/0
   351 | D:1      | Reached XP level 2. HP: 17/22 MP: 0/0
   559 | D:1      | Found a faded altar of an unknown god.
   737 | D:1      | Reached skill level 1 in Fighting
   898 | D:2      | Reached XP level 3. HP: 21/27 MP: 0/0
   898 | D:2      | Learned a level 1 spell: Magic Dart
  1229 | D:2      | You are sucked into a shaft and drop 1 floor!
  1241 | D:3      | Reached skill level 4 in Spellcasting
  1241 | D:3      | Reached XP level 4. HP: 30/33 MP: 0/0
  1679 | D:3      | Reached XP level 5. HP: 32/38 MP: 0/0
  1679 | D:3      | Learned a level 2 spell: Slow
  2211 | D:4      | Noticed a necrophage
  2333 | D:4      | Found an opulent altar of Gozag.
  2521 | D:4      | Noticed Menkaure
  2558 | D:5      | Entered Level 5 of the Dungeon
  2595 | D:5      | Noticed a phantom
  2608 | D:5      | Killed a phantom
  2609 | D:5      | Reached skill level 5 in Spellcasting
  2609 | D:5      | Reached XP level 6. HP: 22/46 MP: 0/0
  3321 | D:5      | Noticed an ogre
  3640 | D:4      | Reached XP level 7. HP: 11/50 MP: 0/0
  3640 | D:4      | Learned a level 3 spell: Lesser Beckoning
  4162 | D:6      | Noticed a troll
  4196 | D:6      | Killed a troll
  4197 | D:6      | Reached skill level 6 in Spellcasting
  4197 | D:6      | Reached XP level 8. HP: 43/58 MP: 0/0
  4427 | D:6      | Reached skill level 5 in Fighting
  4514 | D:6      | Found a staircase to the Ecumenical Temple.
  4523 | Temple   | Entered the Ecumenical Temple
  4636 | Temple   | Became a worshipper of Hepliaklqana the Forgotten
  4885 | D:6      | Reached skill level 7 in Spellcasting
  5293 | D:6      | Reached XP level 9. HP: 66/66 MP: 0/0
  5293 | D:6      | Learned a level 3 spell: Vampiric Draining
  5362 | D:7      | Identified the +7 chain mail of Gesin {rPois rCorr}
  5388 | D:7      | Noticed Prince Ribbit
  5407 | D:7      | Killed Prince Ribbit
  5408 | D:7      | Reached skill level 8 in Spellcasting
  5491 | D:7      | Found a flagged portal.
  5492 | D:7      | Reached * piety under Hepliaklqana
  5504 | Bailey   | Entered a bailey
  6013 | D:8      | Noticed Maggie
  6020 | D:8      | Killed Maggie
  6021 | D:8      | Reached skill level 9 in Spellcasting
  6021 | D:8      | Reached XP level 10. HP: 66/67 MP: 0/0
  6045 | D:8      | Noticed Grum
  6052 | D:8      | Killed Grum
  6052 | D:8      | Noticed Gastronok
  6084 | D:8      | Slain by Gastronok

Illustrated notes

Levels and vault maps discovered:
D:1:      wander_arrival_peaceful_grave, layout_rooms,
          dreamdust_ecumenical_altar_statues, hangedman_glass_teeth
D:2:      layout_basic, uniq_jessica
D:3:      layout_basic
D:4:      layout_basic, grunt_gozag_statues, uniq_menkaure
D:5:      layout_gridville, nicolae_sif_muna_condensation, guppyfry_shop_venom
D:6:      layout_gridville, minmay_temple_entry_antechambers
D:7:      layout_basic, enter_bailey_2, uniq_prince_ribbit1
D:8:      layout_cave_pools, mainiacjoe_overflow_cross_hatched,
          david_lair_shrubbed, kennysheep_small_circle, uniq_maggie,
          uniq_gastronok, uniq_grum
Temple:   nicolae_temple_elliptical

Skill      XL: |  1  2  3  4  5  6  7  8  9 10 |
---------------+-------------------------------+-----
Fighting       | 1 2 3 4 5 7 8 |  8.0
Spellcasting   | 4 5 6 7 9 |  9.5
Dodging        | |  2.1
Stealth        | |  1.5

Action                   |  1- 3 |  4- 6 |  7- 9 | 10-12 || total
-------------------------+-------+-------+-------+-------++-------
Melee: Short sword       |     5 |    37 |   155 |       ||   197
 Cast: Freeze            |    29 |    27 |     4 |       ||    60
       Frozen Ramparts   |     1 |    11 |    10 |       ||    22
       Ozocubu's Armour  |       |     2 |     7 |       ||     9
       Magic Dart        |       |     7 |     2 |       ||     9
       Hailstorm         |       |     3 |    16 |    11 ||    30
       Slow              |       |     1 |     2 |       ||     3
       Vampiric Draining |       |       |    24 |    15 ||    39
Invok: Ancestor Identity |       |       |     2 |       ||     2
  Use: Scroll            |       |     5 |     3 |     1 ||     9
       Potion            |       |       |     2 |       ||     2
 Stab: Sleeping          |     3 |     2 |     2 |       ||     7
Armor: Robe              |     9 |    11 |    14 |       ||    34
       Troll leather arm |       |       |   102 |     6 ||   108
Dodge: Dodged            |    10 |    41 |   137 |     3 ||   191
